 Dungeon Crawl Stone Soup version 0.27-a0-1434-g6f15984924 (webtiles) character file.

Game seed: 5394750616666776490

52 quinnr the Gusty (level 3, -1/21 HPs)
             Began as an Octopode Air Elementalist on July 3, 2021.
             Killed by nerve-wracking pain
             ... invoked by a shadow imp
             ... summoned by Natasha
              (9 damage)
             ... on level 2 of the Dungeon.
             The game lasted 00:02:12 (1387 turns).

quinnr the Gusty (Octopode Air Elementalist)        Turns: 1387, Time: 00:02:13

Health: -1/21      AC:  1    Str:  7    XL:     3   Next: 85%
Magic:  0/6        EV: 13    Int: 18    God:
Gold:   17         SH:  0    Dex: 12    Spells: 5/6 levels left

rFire    . . .     SeeInvis .   d - +0 long sword
rCold    . . .     Faith    .   (no shield)
rNeg     . . .     Spirit   .   (helmet restricted)
rPois    .         Reflect  .   (no amulet)
rElec    .         Harm     .   (no ring)
rCorr    .         Rampage  .   (no ring)
Will     .....                  (no ring)
Stlth    +++.......             (no ring)
HPRegen  0.07/turn              (no ring)
MPRegen  0.10/turn              (no ring)
                                (no ring)
                                (no ring)

@: slowed, very slow
A: almost no armour, amphibious, 8 rings, camouflage 1, gelatinous body 1,
(nimble swimmer 1), tentacles
a: no special abilities


You were on level 2 of the Dungeon.
You visited 1 branch of the dungeon, and saw 2 of its levels.

You collected 17 gold pieces.

Inventory:

Hand Weapons
 d - a +0 long sword (weapon)
Missiles
 j - 10 poisoned darts
Scrolls
 g - a scroll of blinking {unknown}
 h - a scroll of enchant armour {unknown}
 i - a scroll of fog {unknown}
 k - 3 scrolls of identify {unknown}
Potions
 a - a potion of curing {unknown}
 b - a potion of haste {unknown}
 c - a potion of attraction {unknown}
 e - a potion of brilliance {unknown}
 f - a potion of invisibility {unknown}
 l - a potion of berserk rage {unknown}


   Skills:
 - Level 2.0 Dodging
 - Level 2.6 Stealth
 - Level 2.0 Spellcasting
 - Level 1.0 Conjurations
 * Level 4.6 Air Magic


You had 5 spell levels left.
You knew the following spells:

 Your Spells              Type           Power      Damage    Failure   Level
a - Shock                 Conj/Air       48%        1d6       5%          1

Your spell library contained the following spells:

 Spells                   Type           Power      Damage    Failure   Level
 Swiftness                Air            18%        N/A       8%          3
 Static Discharge         Conj/Air       12%        N/A       9%          2
 Airstrike                Air            9%         N/A       26%         4


Dungeon Overview and Level Annotations

Branches:
Dungeon (2/15)

Altars:

Annotations:
D:2 Natasha


Innate Abilities, Weirdness & Mutations

You cannot wear most types of armour.
You are amphibious.
You can wear up to eight rings at the same time.
Your skin changes colour to match your surroundings (Stealth+).
Your rubbery body absorbs attacks. (AC +1, EV +1)
((You are camouflaged near water. (Stealth+)))
You have tentacles for arms and can constrict up to eight enemies at once.


Message History

The quokka is moderately wounded.
A quokka is nearby!
The zap hits the quokka.
You kill the quokka!
You see here a quokka corpse.
Key pressed, stopping explore.
You can't see any susceptible monsters within range! (Use Z to cast anyway.)
Found a stone staircase leading down.
Found 14 stones.
Found a dagger.
A goblin comes into view. It is wielding a +0 dagger.
A goblin is nearby!
The zap hits the goblin.
You kill the goblin!
You can't see any susceptible monsters within range! (Use Z to cast anyway.) Natasha, Servant of Life and Death comes into view.
Natasha is nearby!
The zap hits Natasha.
Natasha is lightly wounded.
Natasha hisses angrily.
The zap hits Natasha.
Natasha is moderately wounded.
Natasha casts a spell at you.
You feel yourself slow down.
The zap misses Natasha.
Natasha mumbles some strange words.
The zap misses Natasha.
Natasha casts a spell at you. The magic dart hits you!
The zap hits the shadow imp.
The shadow imp is heavily wounded.
The zap misses Natasha.
The zap misses the shadow imp.
Natasha claws you but does no damage. Natasha claws you.
You closely miss Natasha. You grab Natasha. You squeeze Natasha.
Natasha is heavily wounded.
You constrict Natasha, but do no damage.
The shadow imp gestures at you. Pain shoots through your body!
You die...

##########.#.#
.............#######
.....†.............#
##########...#####.#
#...### .# #.....#
.# ##..#.###.####
#.........(.#.#
##....@5......#
###.##h..#.###
#.#......#
#........#
.........#
...........
.....)....#.#
.)#.##.....#.#


You could see Natasha and a shadow imp (summoned).

Vanquished Creatures
  Natasha (D:2)
  An adder (D:2)
  A dart slug (D:1)
  A bat (D:1)
  An endoplasm (D:1)
  A giant cockroach (D:1)
  2 hobgoblins
  2 quokkas (D:2)
  A frilled lizard (D:1)
  3 goblins
  3 rats (D:1)
17 creatures vanquished.

Notes
Turn   | Place    | Note
-------+----------+-------------------------------------------
     0 | D:1      | quinnr the Octopode Air Elementalist began the quest for
                  | the Orb.
     0 | D:1      | Reached XP level 1. HP: 11/11 MP: 3/3
   460 | D:1      | Reached XP level 2. HP: 17/17 MP: 1/5
  1086 | D:2      | Noticed Natasha
  1098 | D:2      | Killed Natasha
  1099 | D:2      | Reached skill level 4 in Air Magic
  1099 | D:2      | Reached XP level 3. HP: 17/21 MP: 3/6
  1379 | D:2      | Noticed Natasha
  1387 | D:2      | Killed from afar by a shadow imp

Illustrated notes

Levels and vault maps discovered:
D:1:      dpeg_arrival_water_fire, layout_loops_ring, serial_park_tiny_1
D:2:      layout_loops_ring, uniq_natasha

Skill      XL: |  1  2 |
---------------+-------+-----
Air Magic      | 4 |  4.6
Dodging        | |  2.0
Stealth        | |  2.6
Spellcasting   | |  2.0
Conjurations   | |  1.0

Action                   || total
-------------------------++-------
Melee: Long sword        ||     4
       Tentacles         ||     3
       Constrict         ||     2
 Cast: Shock             ||    39
Armor: Skin              ||     1
Dodge: Dodged            ||     1

Table legend: (Time is in decaauts)
 A = Elapsed time spent in this place.
 B = Non-inter-level travel time spent in this place.
 C = Inter-level travel time spent in this place.
 D = Time resting spent in this place.
 E = Time spent auto-exploring this place.
 F = Levels seen in this place.
 G = Mean time per level.
                   A        B        C        D        E       F      G
               +--------+--------+--------+--------+--------+-----+--------+
         Total |   1391 |   1359 |     32 |     55 |   1175 |   2 |  695.5 |
       Dungeon |   1391 |   1359 |     32 |     55 |   1175 |   2 |  695.5 |
               +--------+--------+--------+--------+--------+-----+--------+

Top non-repeatable levels by time:
     D:1: 1089 daAuts
     D:2: 302 daAuts
